 Dungeon Crawl Stone Soup version 0.30-a0-652-gcc886f7154 (webtiles) character file.

Game seed: 13432587519946838491

135 NinjaNoafa the Cutter (level 5, 0/42 HPs)
             Began as a Merfolk Gladiator on Jan 17, 2023.
             Was a Believer of Uskayaw.
             Succumbed to a scorpion's poison
             ... on level 3 of the Dungeon.
             The game lasted 00:04:02 (1603 turns).

NinjaNoafa the Cutter (Merfolk Gladiator)           Turns: 1603, Time: 00:04:02

Health: 0/42       AC:  4    Str: 11 (14) XL:     5   Next: 18%
Magic:  5/5        EV: 13    Int:  6 (7)  God:    Uskayaw [**....]
Gold:   44         SH:  0    Dex: 15 (18) Spells: 4/4 levels left

rFire   . . .      SeeInvis +    a - +0 rapier
rCold   . . .      Faith    .    (no shield)
rNeg    . . .      Spirit   .    b - +0 leather armour
rPois   .          Reflect  .    c - +0 helmet
rElec   .          Harm     .    (no cloak)
rCorr   .          Rampage  .    (no gloves)
Will    .....                    (no boots)
Stlth   +                        (no amulet)
HPRegen 0.27/turn                q - ring of see invisible
MPRegen 0.09/turn                (no ring)

@: lethally poisoned (0 -> -4), invisible
A: (nimble swimmer 2), mertail
a: Renounce Religion, Stomp, Line Pass


You were on level 3 of the Dungeon.
You worshipped Uskayaw.
Uskayaw was noncommittal.
You visited 1 branch of the dungeon, and saw 3 of its levels.

You collected 44 gold pieces.

Inventory:

Hand Weapons
 a - a +0 rapier (weapon)
Armour
 b - a +0 leather armour (worn)
 c - a +0 helmet (worn)
Jewellery
 q - a ring of see invisible (left hand)
Scrolls
 g - 3 scrolls of teleportation {unknown}
 h - a scroll of vulnerability {unknown}
 i - a scroll of fear {unknown}
 j - a scroll of noise {unknown}
 l - a scroll of enchant armour {unknown}
 n - a scroll of immolation {unknown}
 r - a scroll of brand weapon {unknown}
 s - a scroll of butterflies {unknown}
 t - a scroll of identify {unknown}
 v - a scroll of amnesia {unknown}
Potions
 m - a potion of magic {unknown}
 o - a potion of heal wounds {unknown}
 p - a potion of mutation {unknown}
 u - a potion of flight {unknown}


   Skills:
 + Level 3.8 Fighting
 - Level 5.6 Short Blades
 - Level 2.0 Throwing
 - Level 4.4 Dodging


You had 4 spell levels left.
You didn't know any spells.
Your spell library contained the following spells:

 Spells                   Type           Power      Damage    Failure   Level
 Apportation              Tloc           0%         N/A       54%         1
 Necrotise                Necr           0%         1d4       54%         1
 Summon Small Mammal      Summ           0%         N/A       54%         1


Dungeon Overview and Level Annotations

Branches:
Dungeon (3/15)

Altars:
Uskayaw

Shops:
D:3 (


Innate Abilities, Weirdness & Mutations

((You are very nimble when in or above water. (Stealth+, EV+, Speed+++)))
Your lower body shifts to a powerful aquatic tail in water.


Message History

The javelin pierces through the scorpion.
The scorpion is severely wounded.
You feel sick.
The scorpion stings you but does no damage.
The scorpion stings you.
You are lethally poisoned!
The scorpion poisons you!
You can now pass through a line of other dancers.
Throw: 2 javelins
Press: ? - help, Q - select action, (/) - cycle Shift-Dir - straight line, f/p - scorpion
Aim: a scorpion (severely wounded, 62% to hit)
You throw a javelin.
The javelin pierces through the scorpion.
The scorpion is severely wounded.
* * * LOW HITPOINT WARNING * * *
You feel very sick. The scorpion misses you.
It was a potion of invisibility.
You fade into invisibility!
* * * LOW HITPOINT WARNING * * *
You feel very sick. The scorpion misses you.
* * * LOW HITPOINT WARNING * * *
You feel sick. The scorpion barely misses you.
Throw: javelin
Press: ? - help, Q - select action, (/) - cycle Shift-Dir - straight line, f/p - scorpion
Aim: a scorpion (severely wounded, unable to see you, 62% to hit)
You throw a javelin.
The javelin pierces through the scorpion!
You kill the scorpion!
* * * LOW HITPOINT WARNING * * *
You feel sick.
Your Fighting skill increases to level 3!
You have reached level 5!
You feel agile.
There is a lethal amount of poison in your body!
It was a potion of degeneration.
There was something very wrong with that liquid.
You feel weakened.
You feel dopey.
You feel clumsy.
You die...

#........... #...(....... #
#.........>. #.#...<.......
#.#............
#..................
###..†..............
#..................
##..@..............
##................
#................
#########.#..............
###.........#.∩............
.........#######..†........ #
##.........####.##(#########
#.##...........................
#.....###.....#....###.#.###..#


There were no monsters in sight!

Vanquished Creatures
  A scorpion (D:3)
  2 adders (D:2)
  A dart slug (D:2)
  2 worms
  2 ball pythons
  12 bats
  3 endoplasms
  A giant cockroach (D:3)
  4 hobgoblins
  2 jackals (D:2)
  5 kobolds (D:1)
  2 quokkas (D:1)
  3 frilled lizards (D:2)
  7 goblins
  6 rats (D:2)
53 creatures vanquished.

Vanquished Creatures (others)
  3 plants (D:3)
3 creatures vanquished.

Grand Total: 56 creatures vanquished

Notes
Turn   | Place    | Note
-------+----------+-------------------------------------------
     0 | D:1      | NinjaNoafa the Merfolk Gladiator began the quest for the
                  | Orb.
     0 | D:1      | Reached XP level 1. HP: 16/16 MP: 1/1
    90 | D:1      | Reached skill level 4 in Short Blades
   152 | D:1      | Reached XP level 2. HP: 22/22 MP: 2/2
   508 | D:1      | Reached skill level 5 in Short Blades
   508 | D:1      | Reached XP level 3. HP: 24/27 MP: 3/3
  1124 | D:2      | Reached XP level 4. HP: 34/34 MP: 4/4
  1482 | D:3      | Found a hide-covered altar of Uskayaw.
  1493 | D:3      | Became a worshipper of Uskayaw the Reveller
  1560 | D:3      | Found Etejom's Antique Weapon Emporium.
  1561 | D:3      | Reached * piety under Uskayaw
  1579 | D:3      | Reached ** piety under Uskayaw
  1585 | D:3      | Noticed a scorpion
  1602 | D:3      | Killed a scorpion
  1603 | D:3      | Reached XP level 5. HP: 2/42 MP: 5/5
  1603 | D:3      | Succumbed to a scorpion's poison

Illustrated notes

Levels and vault maps discovered:
D:1:      shiori_arrival_oz, layout_loops_ring, minmay_shallow_snake_nest
D:2:      layout_loops_ring
D:3:      layout_basic, grunt_temple_overflow_forces_of_nature,
          mainiacjoe_overflow_alcove_4, zin_statuary,
          eat_drink_and_be_merry_uskayaw, serial_shops, shop,
          ebering_dispersal_statue_hall

Skill      XL: |  1  2  3  4 |
---------------+-------------+-----
Short Blades   | 4 5 |  5.6
Fighting       | 3 |  3.8
Throwing       | |  2.0
Dodging        | |  4.4

Action                   |  1- 3 |  4- 6 || total
-------------------------+-------+-------++-------
Melee: Rapier            |   128 |    38 ||   166
       Punch             |     1 |     1 ||     2
Throw: Javelin           |    11 |     8 ||    19
       Throwing net      |       |     3 ||     3
  Use: Potion            |       |     2 ||     2
 Stab: Sleeping          |     2 |     1 ||     3
Armor: Leather armour    |    41 |    10 ||    51
Dodge: Dodged            |   133 |    32 ||   165

Table legend: (Time is in decaauts)
 A = Elapsed time spent in this place.
 B = Non-inter-level travel time spent in this place.
 C = Inter-level travel time spent in this place.
 D = Time resting spent in this place.
 E = Time spent auto-exploring this place.
 F = Levels seen in this place.
 G = Mean time per level.
                   A        B        C        D        E       F      G
               +--------+--------+--------+--------+--------+-----+--------+
         Total |   1601 |   1563 |     38 |      0 |   1125 |   3 |  533.7 |
       Dungeon |   1601 |   1563 |     38 |      0 |   1125 |   3 |  533.7 |
               +--------+--------+--------+--------+--------+-----+--------+

Top non-repeatable levels by time:
     D:2: 735 daAuts
     D:1: 732 daAuts
     D:3: 134 daAuts
